 Dungeon Crawl Stone Soup version 0.16.1-16-gc44b35d (webtiles) character file.

105 porcors the Poker (level 4, -3/35 HPs)
             Began as a Merfolk Fighter on Apr 20, 2015.
             Killed from afar by Ijyb (8 damage)
             ... with a wand of flame
             ... on level 3 of the Dungeon.
             The game lasted 00:08:59 (2295 turns).

porcors the Poker (Merfolk Fighter)                 Turns: 2295, Time: 00:08:59

Health: -3/35      AC:  6    Str: 16    XL:     4   Next: 81%
Magic:  4/4        EV:  9    Int:  7    God:
Gold:   146        SH:  9    Dex: 14    Spells: 0 memorised, 3 levels left

rFire  . . .     SeeInvis .     a - +0 trident
rCold  . . .     Clarity  +     t - +0 ring mail
rNeg   . . .     SustAb   .     c - +0 shield
rPois  .         Gourm    .     (no helmet)
rElec  .         Spirit   .     (no cloak)
rCorr  .         Warding  .     j - +0 pair of gloves
rMut   .         Stasis   .     (boots currently unavailable)
MR     .....                    n - amulet of clarity
Stlth  ++........               (no ring)
                                (no ring)

@: very quick, not resistant to hostile enchantments, unstealthy
A: change form in water, swift swim
a: no special abilities


You were on level 3 of the Dungeon.
You were hungry.

You visited 1 branch of the dungeon, and saw 3 of its levels.

You collected 146 gold pieces.

Inventory:

Hand weapons
 a - a +0 trident (weapon)
Armour
 b - a +0 scale mail
 c - a +0 shield (worn)
 j - a +0 pair of gloves (worn)
 t - a +0 ring mail (worn)
Jewellery
 n - an amulet of clarity (around neck)
Scrolls
 m - a scroll of amnesia {unknown}
 o - a scroll of noise
 s - a scroll of fear {unknown}
Potions
 e - 3 potions of might
 h - 2 potions of curing {unknown}
 l - a potion of invisibility {unknown}
 q - a potion of mutation {unknown}
Comestibles
 d - 4 bread rations
 f - 3 meat rations
 i - 3 chunks of flesh
 k - a slice of pizza
 p - a beef jerky


   Skills:
 - Level 3.2 Fighting
 + Level 7.0 Polearms
 - Level 2.1 Armour
 - Level 3.0 Shields


You had 3 spell levels left.
You didn't know any spells.

Dungeon Overview and Level Annotations

Branches:
Dungeon (3/15)

Altars:
Yredelemnul

Annotations:
D:3 Ijyb


Message History

Ijyb zaps a wand.
The puff of flame hits you!
* * * LOW HITPOINT WARNING * * *
You hit Ijyb. You tail-slap Ijyb.
Ijyb is severely wounded.
You are engulfed in a cloud of scalding steam.
Ijyb closely misses you.
You closely miss Ijyb.
Your tail-slap misses Ijyb.
Ijyb is severely wounded.
Ijyb barely misses you.
You completely miss Ijyb.
Ijyb is severely wounded.
Ijyb zaps a wand.
The puff of flame misses you.
Your shield and ring mail prevent you from hitting Ijyb.
Ijyb is severely wounded.
You are engulfed in a cloud of scalding steam.
You block Ijyb's attack.
You hit Ijyb. You tail-slap Ijyb.
Ijyb is severely wounded.
Ijyb zaps a wand.
The puff of flame hits you!
You die...

#.).......)..#...≈≈
##'##.....##'##..≈≈
#...#.....#...#..≈≈
#...#.....#...#..≈≈
#.(.#.....#...#..≈≈
##)##.....##'##..≈≈
#...#.....#.).)..≈≈
#§g.#.....#((...≈≈≈
#§@≈#.....#≈((≈≈≈≈#
#≈§≈##'''##≈≈≈≈≈≈##
##§≈≈≈...≈≈≈≈#####
###≈≈...≈≈###
###...### #.### #.#
#.# #.#


You could see Ijyb.

Vanquished Creatures
  2 worms (D:2)
  2 giant geckos
  5 orcs (D:3)
  6 bats
  7 giant cockroaches
  8 hobgoblins
  11 jackals
  9 kobolds
  2 quokkas (D:2)
  A ball python (D:1)
  3 giant newts
  12 goblins
  6 rats
  A spectral orc (D:3)
75 creatures vanquished.

Notes
Turn   | Place    | Note
--------------------------------------------------------------
     0 | D:1      | porcors, the Merfolk Fighter, began the quest for the Orb.
     0 | D:1      | Reached XP level 1. HP: 18/18 MP: 1/1
    70 | D:1      | Reached skill level 4 in Polearms
    70 | D:1      | Reached XP level 2. HP: 17/24 MP: 2/2
   272 | D:1      | Reached XP level 3. HP: 26/29 MP: 3/3
   278 | D:1      | Reached skill level 5 in Polearms
   743 | D:2      | Reached skill level 6 in Polearms
   749 | D:2      | Reached XP level 4. HP: 30/35 MP: 4/4
  1845 | D:3      | Found a basalt altar of Yredelemnul.
  2101 | D:3      | Reached skill level 7 in Polearms
  2158 | D:3      | Noticed Ijyb
  2174 | D:3      | HP: 1/35 [jackal (1)]
  2295 | D:3      | Killed from afar by Ijyb

Action                   |  1- 3 |  4- 6 || total
-------------------------+-------+-------++-------
Melee: Trident           |   121 |   139 ||   260
  Use: Scroll            |     3 |     1 ||     4
       Potion            |       |     1 ||     1
 Stab: Distracted        |     1 |       ||     1
  Eat: Chunk             |       |     4 ||     4
